 Dungeon Crawl Stone Soup version 0.31.0-11-ge490571c62 (webtiles) character file.

Game seed: 7213358027820786529

128 browni3141 the Chopper (level 4, 0/41 HPs)
             Began as a Minotaur Fighter on Jan 27, 2024.
             Slain by a gnoll
             ... wielding a +0 club
             ... led by a gnoll sergeant
              (2 damage)
             ... on level 4 of the Dungeon.
             The game lasted 00:01:04 (1300 turns).

browni3141 the Chopper (Minotaur Fighter)           Turns: 1300, Time: 00:01:04

Health: 0/41       AC:  6    Str: 22    XL:     4   Next: 86%
Magic:  3/3        EV:  9    Int:  5    God:
Gold:   93         SH:  4    Dex: 10    Spells: 3/3 levels left

rFire   . . .        n - +4 hand axe (heavy)
rCold   . . .        c - +0 buckler
rNeg    . . .        b - +0 scale mail
rPois   .            (helmet restricted)
rElec   .            (no cloak)
rCorr   .            (no gloves)
SInv    .            (no boots)
Will    .....        (no amulet) Stlth
                     (no ring)
HPRegen 0.26/turn    (no ring)
MPRegen 0.08/turn

%: no passive effects
@: no status effects
A: horns 2, retaliatory headbutt
a: no special abilities


You were on level 4 of the Dungeon.
You visited 1 branch of the dungeon, and saw 4 of its levels.

You collected 93 gold pieces.

Inventory:

Hand Weapons
 a - a +0 war axe
 n - a +4 heavy hand axe (weapon)
Missiles
 h - 6 javelins (quivered)
Armour
 b - a +0 scale mail (worn)
 c - a +0 buckler (worn)
Jewellery
 i - a ring of wizardry
Scrolls
 d - a scroll of identify {unknown}
 j - a scroll of enchant armour {unknown}
Potions
 e - a potion of curing
 f - a potion of enlightenment {unknown}
 g - 2 potions of resistance {unknown}
 k - a potion of magic {unknown}
 l - a potion of heal wounds {unknown}
 m - a potion of degeneration {unknown}


   Skills:
 + Level 4.9 Fighting
 * Level 5.2 Axes
 - Level 3.6 Armour
 - Level 3.6 Shields


You had 3 spell levels left.
You didn't know any spells.
Your spell library contained the following spells:

 Spells                   Type           Power      Damage    Failure   Level
 Slow                     Hex            0%         N/A       86%         1
 Confusing Touch          Hex            0%         N/A       99%         3
 Ozocubu's Armour         Ice            0%         N/A       99%         3
 Sigil of Binding         Hex            0%         N/A       99%         3
 Vampiric Draining        Necr           0%         2d6       99%         3
 Metabolic Englaciation   Hex/Ice        0%         N/A       100%        5
 Sculpt Simulacrum        Ice/Alch       0%         N/A       100%        6


Dungeon Overview and Level Annotations

Branches:
Dungeon (4/15)
 Temple: D:4-7

Altars:
Uskayaw
The Shining One


Innate Abilities, Weirdness & Mutations

You have a pair of horns on your head.
You reflexively headbutt those who attack you in melee.


Message History

You hit something. Your headbutt misses something.
You hear some strange, mumbled words.
Something tries to affect you, but you resist.
You closely miss something.
Something hits you but does no damage. x2
You hit something. Something hits you but does no damage.
You barely miss something. Your headbutt misses something.
You hear some strange, mumbled words.
You are confused.
Something hits you.
You bump into the rock wall.
Something hits you.
You closely miss something. Something hits you.
You slash something!
You hear some strange, mumbled words.
A magic dart appears from out of thin air!
The magic dart hits you but does no damage.
You hear some strange, mumbled words.
A magic dart appears from out of thin air!
The magic dart hits you.
You completely miss something. Your headbutt misses something.
Something hits you but does no damage.
You bump into the rock wall.
You feel less confused. Something hits you but does no damage.
You closely miss something. Something hits you but does no damage.
You barely miss something. Something hits you but does no damage.
You closely miss something. Something hits you but does no damage.
You hear some strange, mumbled words.
Something tries to affect you, but you resist.
You hit something but do no damage. Your headbutt misses something.
Something hits you but does no damage.
You hit something but do no damage. Something hits you but does no damage.
You closely miss something. Something hits you.
You hear some strange, mumbled words.
A magic dart appears from out of thin air!
The magic dart hits you.
You miss something. Something hits you but does no damage.
You hit something. Something hits you but does no damage.
You closely miss something. Your headbutt misses something.
You hear some strange, mumbled words.
A magic dart appears from out of thin air!
The magic dart hits you but does no damage.
Something hits you.
You closely miss something. Something hits you but does no damage.
You miss something. Your headbutt misses something. Something hits you.
You closely miss something. Your headbutt misses something.
An orc wizard appears from thin air!
Reactivating autopickup.
The orc wizard hits you but does no damage.
You hit the orc wizard.
You kill the orc wizard!
Your Axes skill increases to level 5!
Items here: )) [[ ††.
Items here: )) [[.
Items here: )) [[.
Items here: )) [[ ††.
Okay, then.
Items here: )) [[.
n - a +4 heavy hand axe
n - a +4 heavy hand axe (weapon)
A goblin comes into view. It is wielding a +0 club.
A goblin is nearby!
A goblin is nearby!
A goblin is nearby!
A goblin is nearby!
The goblin shouts!
The goblin barely misses you.
You slice the goblin!!
You kill the goblin!
Key pressed, stopping explore.
No target in view!
No target in view!
You now have 86 gold pieces (gained 7).
You now have 93 gold pieces (gained 7).
You pick up a book of Debilitation and begin reading...
You add the spells Slow, Sigil of Binding, Vampiric Draining and Confusing Touch to your library.
You open the door.
A gnoll sergeant and 3 gnolls come into view.
The gnoll sergeant is wielding a +3 trident of venom and wearing a +0 scale mail of willpower.
The gnoll sergeant shouts!
The gnoll shouts! x3
The gnoll closely misses you.
There are monsters nearby!
There are monsters nearby!
There are monsters nearby!
You hit the gnoll.
The gnoll is moderately wounded.
The gnoll sergeant hits you from afar with a +3 trident of venom!
The gnoll barely misses you. The gnoll hits you with a +0 club.
The gnoll hits you from afar with a +0 halberd!
The gnoll sergeant hits you from afar with a +3 trident of venom!
The gnoll hits you but does no damage.
You closely miss the gnoll.
The gnoll is moderately wounded.
You block the gnoll sergeant's attack. The gnoll barely misses you.
You block the gnoll's attack.
You slash the gnoll!
You kill the gnoll!
You block the gnoll sergeant's attack.
The gnoll hits you from afar with a +0 halberd.
The gnoll hits you with a +0 club.
You die...

...###.#
#.#.#...########.#.###
.......# #.#.#...#
#.#.# # ...##..#
#.#.#.[.# ###.#.# #
.####..# #.#.#...#
#...#.### .# #..#
#.#.#...# #.###.... .#
#..#
###.#.#...######.#
##### .# #..#
#.....#..........# #
.# #..#
#.#≈≈≈≈.≈≈≈≈###### #
.# #..###.#≈##≈@≈##≈#
# .#
#......#≈###g###≈# #
## #.######≈≈


.gg ≈≈# # #.# #≈≈#...#≈≈# # #.# #≈≈#.(.#≈≈# #.# #≈#######≈# #.# #.# #. You could
see a gnoll sergeant and 2 gnolls.

Vanquished Creatures
  A scorpion (D:4)
  An orc wizard (D:4)
  A gnoll (D:4)
  2 ribbon worms
  6 orcs
  2 endoplasms
  A giant cockroach (D:3)
  5 goblins
  2 hobgoblins (D:3)
  2 kobolds
  2 quokkas
  4 ball pythons
  2 bats
  2 frilled lizards (D:3)
  A rat (D:3)
34 creatures vanquished.

Notes
Turn   | Place    | Note
-------+----------+-------------------------------------------
     0 | D:1      | browni3141 the Minotaur Fighter began the quest for the
                  | Orb.
     0 | D:1      | Reached XP level 1. HP: 19/19 MP: 0/0
    79 | D:2      | Reached skill level 3 in Axes
    79 | D:2      | Reached XP level 2. HP: 25/27 MP: 1/1
   350 | D:3      | Found a hide-covered altar of Uskayaw.
   415 | D:3      | Reached XP level 3. HP: 32/33 MP: 2/2
   512 | D:3      | Found a glowing golden altar of the Shining One.
   592 | D:4      | Noticed a scorpion
   599 | D:4      | HP: 1/33 [scorpion (4)]
   601 | D:4      | Killed a scorpion
   602 | D:4      | Reached skill level 4 in Axes
   602 | D:4      | Reached XP level 4. HP: 14/41 MP: 3/3
  1046 | D:4      | HP: 2/41 [something (2)]
  1049 | D:4      | Reached skill level 5 in Axes
  1297 | D:4      | Noticed a gnoll sergeant
  1300 | D:4      | HP: 2/41 [gnoll/+0 halberd[a gnoll sergeant] (5)]
  1300 | D:4      | Slain by a gnoll

Illustrated notes

Levels and vault maps discovered:
D:1:      saegor_arrival_miasma, layout_basic,
          chequers_ecumenical_altar_simple_redux, minivault_24
D:2:      layout_basic, chequers_decorated_corner
D:3:      layout_basic, eat_drink_and_be_merry_uskayaw, lemuel_crystal_altar,
          minmay_door_square, mrwooster_statue_mirror
D:4:      layout_basic, lightli_minifort

Skill      XL: |  1  2  3  4 |
---------------+-------------+-----
Axes           | 3 4 5 |  5.2
Fighting       | 4 |  4.9
Armour         | |  3.6
Shields        | |  3.6

Action                     |  1- 3 |  4- 6 || total
---------------------------+-------+-------++-------
  Melee: War axe           |    63 |    44 ||   107
         Headbutt          |     7 |     3 ||    10
         Hand axe          |       |     4 ||     4
    Use: Potion            |     2 |       ||     2
 Armour: Scale mail        |    39 |    51 ||    90
  Dodge: Dodged            |    23 |    10 ||    33
  Block: Buckler           |    20 |     7 ||    27
